 Dungeon Crawl Stone Soup version 0.31-a0-986-g5e6e4ef867 (webtiles) character file.

Game seed: 15549241769361951653

185 timneilson the Ruffian (level 5, 0/35 HPs)
             Began as an Octopode Shapeshifter on Nov 3, 2023.
             Killed by divine providence
             ... invoked by an orc priest
              (13 damage)
             ... on level 3 of the Dungeon.
             The game lasted 00:04:24 (2128 turns).

timneilson the Ruffian (Octopode Shapeshifter)      Turns: 2128, Time: 00:04:25

Health: 0/35       AC:  1    Str: 16    XL:     5   Next: 64%
Magic:  5/5        EV: 13    Int: 12    God:
Gold:   205        SH:  0    Dex: 11    Spells: 4/4 levels left

rFire   . .          .
                       - Unarmed
rCold   . . .        (no shield)
rNeg    + . .        (helmet currently unavailable)
rPois   +            h - amulet of the acrobat
rElec   .            e - ring of poison resistance
rCorr   .            l - ring of positive energy
SInv    .            (no ring)
Will    .....        (no ring)
Stlth   +++          (no ring)
HPRegen 0.25/turn    (no ring)
MPRegen 0.09/turn    (no ring)
                     (no ring)

%: acrobat
@: beast-form
A: beast (slay +2), almost no armour, amphibious, 8 rings, camouflage 1,
gelatinous body 1, (nimble swimmer 1), tentacles
a: Begin Untransformation


You were on level 3 of the Dungeon.
You were a hulking beast.
You visited 1 branch of the dungeon, and saw 3 of its levels.

You collected 205 gold pieces.

Inventory:

Jewellery
 e - a ring of poison resistance (left tentacle)
 h - an amulet of the acrobat (around mantle)
 l - a ring of positive energy (right tentacle)
Talismans
 b - a beast talisman
 c - a flux talisman
Scrolls
 f - a scroll of brand weapon {unknown}
 g - a scroll of fog
 i - a scroll of vulnerability
 m - a scroll of revelation {unknown}
Potions
 a - a potion of lignification
 d - 2 potions of brilliance
 j - a potion of curing {unknown}
 k - 2 potions of heal wounds
 n - a potion of degeneration {unknown}


   Skills:
 * Level 2.5 Fighting
 * Level 3.0 Dodging
 + Level 2.1 Stealth
 * Level 4.0 Unarmed Combat
 * Level 3.8 Shapeshifting


You had 4 spell levels left.
You didn't know any spells.
Your spell library was empty.

Dungeon Overview and Level Annotations

Branches:
Dungeon (3/15)

Altars:

Shops:
D:2 =


Innate Abilities, Weirdness & Mutations

You are a hulking beast.
Your limbs bulge with bestial killing power. (Slay +2)
You cannot wear most types of armour.
You are amphibious.
You can wear up to eight rings at the same time.
Your skin changes colour to match your surroundings (Stealth+).
Your rubbery body absorbs attacks. (AC +1, EV +1)
((You are camouflaged when in or above water. (Stealth+)))
You have tentacles for arms and can constrict up to eight enemies at once.


Message History

You barely miss the orc.
The endoplasm quivers.
You grab the orc. You constrict the orc. The orc hits you with a +0 club.
You tentacle-slap the orc but do no damage.
You constrict the orc, but do no damage.
The orc closely misses you.
You tentacle-slap the orc. You squeeze the orc.
You kill the orc!
You barely miss the ball python. You grab the ball python.
You squeeze the ball python.
You kill the ball python!
Your Unarmed Combat skill increases to level 4!
The endoplasm completely misses you.
Things that are here:
a +0 club; a +0 ring mail; an orc corpse The orc priest shouts!
You tentacle-slap the endoplasm.
The endoplasm is severely wounded.
The endoplasm freezes you.
You are frozen.
The endoplasm attacks as it pursues you!
The endoplasm completely misses you.
The endoplasm attacks as it pursues you!
The endoplasm completely misses you.
You bludgeon the endoplasm!
You kill the endoplasm!
The orc priest shouts!
The orc priest invokes the aid of Beogh against you.
Pain shoots through your body!
You tentacle-slap the orc priest but do no damage.
You grab the orc priest.
You constrict the orc priest, but do no damage.
The orc priest calls down the wrath of Beogh upon you.
Beogh smites you!
You tentacle-slap the orc priest. You squeeze the orc priest!
The orc priest is severely wounded.
You constrict the orc priest, but do no damage.
The orc priest invokes the aid of Beogh against you.
Beogh smites you!
You die...

. .. .#####.....## . #.
.###....###..^... #.
#.###........####.....
.#
#.....#........##..### .
#.†.#..............# #.
#.###........##...#.
#.###..........# #...##.
#.....#o####...###...##.
#.....#...#h#
#........##..# ###..
#.###.# #.#####..##.##
....###.....###.#
#...#..#
###.....#.......#
##...##. ###...#.#######
###...# #.###.# #.... #.
..# ###.. ## #### #..
###


You could see an orc priest.

Vanquished Creatures
  An orc priest (D:3)
  4 gnolls
  An adder (D:3)
  2 ufetubi (D:3)
  2 worms (D:2)
  3 dart slugs
  3 orcs
  6 ball pythons
  7 endoplasms
  2 giant cockroaches
  5 goblins (D:2)
  3 hobgoblins
  3 jackals
  9 kobolds
  6 quokkas
  9 bats
  7 frilled lizards
  8 rats
81 creatures vanquished.

Notes
Turn   | Place    | Note
-------+----------+-------------------------------------------
     0 | D:1      | timneilson the Octopode Shapeshifter began the quest for
                  | the Orb.
     0 | D:1      | Reached XP level 1. HP: 13/13 MP: 1/1
   128 | D:1      | Reached XP level 2. HP: 18/18 MP: 2/2
   313 | D:1      | Reached skill level 1 in Stealth
   390 | D:1      | Reached XP level 3. HP: 19/23 MP: 3/3
   466 | D:1      | Found a faded altar of an unknown god.
  1138 | D:2      | Found Kuis's Jewellery Emporium.
  1247 | D:2      | Reached XP level 4. HP: 14/29 MP: 4/4
  1803 | D:3      | Reached XP level 5. HP: 26/35 MP: 5/5
  2117 | D:3      | Reached skill level 4 in Unarmed Combat
  2128 | D:3      | Killed from afar by an orc priest

Illustrated notes

Levels and vault maps discovered:
D:1:      saegor_arrival_simple_c, layout_basic, basic_ecumenical_altar,
          nrook_mini_vaults
D:2:      layout_rooms, serial_shops, shop, minmay_joined_circles
D:3:      layout_loops_ring, nicolae_uskayaw_murder_on_the_dancefloor,
          minmay_misc_feat_doors, hangedman_decor_points, st_stairs_7,
          minmay_pentomino_pile

Skill      XL: |  1  2  3  4  5 |
---------------+----------------+-----
Stealth        | 1 2 |  2.1
Fighting       | 2 |  2.5
Dodging        | 3 |  3.0
Unarmed Combat | 4 |  4.0
Shapeshifting  | |  3.8

Action                     |  1- 3 |  4- 6 || total
---------------------------+-------+-------++-------
  Melee: Unarmed           |    78 |    65 ||   143
         Constrict         |    17 |    20 ||    37
         Tentacles         |    14 |    16 ||    30
         Punch             |     4 |     1 ||     5
    Use: Scroll            |     3 |     4 ||     7
   Stab: Sleeping          |     6 |     2 ||     8
 Armour: Skin              |    28 |    18 ||    46
  Dodge: Dodged            |    54 |    49 ||   103

Table legend: (Time is in decaauts)
 A = Elapsed time spent in this place.
 B = Non-inter-level travel time spent in this place.
 C = Inter-level travel time spent in this place.
 D = Time resting spent in this place.
 E = Time spent auto-exploring this place.
 F = Levels seen in this place.
 G = Mean time per level.
                   A        B        C        D        E       F      G
               +--------+--------+--------+--------+--------+-----+--------+
         Total |   2120 |   2068 |     52 |    376 |   1209 |   3 |  706.7 |
       Dungeon |   2120 |   2068 |     52 |    376 |   1209 |   3 |  706.7 |
               +--------+--------+--------+--------+--------+-----+--------+

Top non-repeatable levels by time:
     D:1: 944 daAuts
     D:2: 791 daAuts
     D:3: 384 daAuts
